 Dungeon Sprint DCSS version 0.32-a0-685-g93135e86f0 (webtiles) character file.

Game seed: 4001893515293724172

37 Prakerore the Shooter (level 3, -6/27 HPs)
             Began as a Coglin Hunter on Mar 13, 2024.
             Mangled by a water elemental (13 damage)
             ... in the Dungeon (Sprint III: "The Ten Rune Challenge").
             The game lasted 00:01:04 (521 turns).

Prakerore the Shooter (Coglin Hunter)                Turns: 521, Time: 00:01:05

Health: -6/27      AC:  3    Str: 11    XL:     3   Next: 39%
Magic:  3/3        EV: 12    Int:  8    God:
Gold:   18         SH:  0    Dex: 19    Spells: 2/2 levels left

rFire   . . .        a - +2 sling {Daeho}
rCold   . . .        d - +0 sling {Chikashi}
rNeg    . . .        c - +0 leather armour
rPois   .            (no helmet)
rElec   .            (no cloak)
rCorr   .            (no gloves)
SInv    .            (no boots)
Will    .....        (amulet unavailable)
Stlth   ++           (ring unavailable)
HPRegen 0.24/turn    (ring unavailable)
MPRegen 0.08/turn    (no gizmo)

%: no teleportation
@: revving
A: off-hand wielding, slow wielding, warmup strikes, no jewellery
a: Invent Gizmo


You were in the Dungeon.
You visited 1 branch You collected 18 gold pieces.

Inventory:

Hand Weapons
 a - a +2 sling (weapon) {Daeho}
 d - a +0 sling (offhand) {Chikashi}
Armour
 c - a +0 leather armour (worn)
Scrolls
 b - a scroll of butterflies
 j - a scroll of blinking
 l - a scroll of poison {unknown}
 m - 3 scrolls of identify
 p - a scroll of immolation {unknown}
Potions
 g - a potion of haste
 h - 2 potions of magic
 i - a potion of berserk rage
 k - 4 potions of mutation
 n - a potion of lignification {unknown}
 o - a potion of enlightenment {unknown}
 q - a potion of brilliance {unknown}


   Skills:
 - Level 2.0 Fighting
 + Level 7.0 Ranged Weapons
 - Level 1.7 Dodging
 - Level 0.7 Stealth


You had 2 spell levels left.
You didn't know any spells.
Your spell library was empty.

Dungeon Overview and Level Annotations

Branches:
Dungeon (1/1)

Altars:


Innate Abilities, Weirdness & Mutations

You can wield a second weapon in your off-hand.
It takes a long time for you to wield or remove held weapons.
Your first few attacks do less damage.
You cannot equip rings or amulets.


Message History

The water elemental is lightly damaged.
You shoot a sling bullet.
The sling bullet hits the water elemental.
The water elemental is lightly damaged.
You shoot a sling bullet.
The sling bullet hits the water elemental but does no damage.
The water elemental is lightly damaged.
You close the door.
You start waiting.
Done waiting.
You open the door.
Okay, then.
Okay, then.
You aren't carrying any items that you can evoke.
Unknown command.
You shoot a sling bullet.
The sling bullet hits the water elemental but does no damage.
You shoot a sling bullet.
The sling bullet hits the water elemental but does no damage.
The water elemental hits you!
Unknown command.
You shoot a sling bullet.
The sling bullet hits the water elemental but does no damage.
You shoot a sling bullet.
The sling bullet hits the water elemental but does no damage.
The water elemental hits you!
* * * LOW HITPOINT WARNING * * *
The water elemental engulfs you in water!
The water elemental hits you.
* * * LOW HITPOINT WARNING * * *
You feel much better.
Your lungs strain for air!
The water elemental hits you!
Ouch! That really hurt!
* * * LOW HITPOINT WARNING * * *
The water engulfing you falls away.
You gasp with relief as air once again reaches your lungs.
Unknown command.
You feel better. The water elemental hits you!
You die...

▓▓▓▓▓▓▓▓▓▓▓▓▓ ▓▓▓
▓<.#..'...♣.♣♣ ♣.#
▓..#..#....♣.♣ ♣.#
▓#'####.....♣♣ ♣.#
▓.....#....~.♣♣♣♣.###+#+#
▓.....#...~~..♣.@E#......
▓....(#..~~~~♣.♣♣.'.⌠....
▓####'#..~≈≈~~~.♣.#...###
▓[....#.~~≈~~~....# ⌠.#
▓.†.†.#.~≈~~~.....# .#
▓.....#.†~~.......# #
▓'#####...........#
▓.................#
▓▓▓▓▓▓▓▓▓▓▓▓▓▓▓▓▓▓▓


You could see a water elemental.

Vanquished Creatures
  A human (D)
  A wolf (D)
  2 endoplasms (D)
  2 rats (D)
6 creatures vanquished.

Notes
Turn   | Place    | Note
-------+----------+-------------------------------------------
     0 | D        | Prakerore the Coglin Hunter began the quest for the Orb.
     0 | D        | Reached XP level 1. HP: 16/16 MP: 1/1
     5 | D        | Reached skill level 4 in Ranged Weapons
    37 | D        | Reached skill level 6 in Ranged Weapons
    37 | D        | Reached XP level 2. HP: 10/22 MP: 2/2
    99 | D        | Reached skill level 7 in Ranged Weapons
    99 | D        | Reached XP level 3. HP: 18/27 MP: 3/3
   177 | D        | Noticed a water elemental
   518 | D        | HP: 1/27 [water elemental (3)]
   521 | D        | Mangled by a water elemental

Illustrated notes

Levels and vault maps discovered:
D:        dungeon_sprint_mu [sprint_mu_entry_forest, sprint_mu_temple_rooms,
          sprint_mu_d1_horrors, sprint_mu_d2_genie, sprint_mu_d3_branching,
          sprint_mu_orc_legion, sprint_mu_elf_gauntlet, sprint_mu_hive_nellie,
          sprint_mu_lair_fedhas, sprint_mu_vaults_butterflies,
          sprint_mu_slime_circle, sprint_mu_swamp_cave, sprint_mu_snake_twists,
          sprint_mu_blade_basic, sprint_mu_crypt_fortress,
          sprint_mu_tomb_spiral, sprint_mu_vestibule_basic,
          sprint_mu_gehenna_hellfire, sprint_mu_dis_giant,
          sprint_mu_tartarus_statrot, sprint_mu_cocytus_islands, sprint_mu_zot1]

Skill      XL: |  1  2 |
---------------+-------+-----
Ranged Weapons | 6 7 |  7.0
Fighting       | |  2.0
Dodging        | |  1.7
Stealth        | |  0.7

Action                     || total
---------------------------++-------
   Fire: Sling             ||    62
    Use: Potion            ||     2
 Armour: Leather armour    ||    10
  Dodge: Dodged            ||     5

Table legend: (Time is in decaauts)
 A = Elapsed time spent in this place.
 B = Non-inter-level travel time spent in this place.
 C = Inter-level travel time spent in this place.
 D = Time resting spent in this place.
 E = Time spent auto-exploring this place.
 F = Levels seen in this place.
 G = Mean time per level.
                   A        B        C        D        E       F      G
               +--------+--------+--------+--------+--------+-----+--------+
         Total |    526 |    526 |      0 |    303 |    120 |   1 |  526.0 |
       Dungeon |    526 |    526 |      0 |    303 |    120 |   1 |  526.0 |
               +--------+--------+--------+--------+--------+-----+--------+

Top non-repeatable levels by time:
       D: 526 daAuts
